Map: Blackpink LE

Players

Graphix - Winner!

  • Race: Zerg Zerg
  • League: Grandmaster
  • Spawn Location: 1:00

Flick

  • Race: Protoss Protoss
  • League: Master
  • Spawn Location: 7:00

VOD

Have the link to the VOD?

Description

Time

  • Played on: Dec. 19, 2017, 5:12 p.m.
  • Length: 12:36
Show
View Real Time Build Order
Export as new Build Order

Graphix Zerg - Winner!

Build Orders: Hatch First 

Get SALT Encoding   

  12  0:02  Drone  
  13  0:12  Overlord  
  13  0:17  Drone  
  14  0:31  Drone x2  
  16  0:49  Hatchery  
  15  0:53  Drone  
  15  0:56  Drone  
  17  1:00  Drone  
  18  1:06  Extractor  
  17  1:16  Spawning Pool  
  16  1:20  Drone  
  16  1:24  Drone  
  18  1:40  Drone x2  
  20  2:06  Queen x2  
  24  2:20  Drone x3  
  24  2:21  Drone  
  28  2:32  Overlord  
  28  2:35  Extractor  
  28  2:36  Extractor  
  26  2:40  Zergling x4  
  30  2:52  Overlord  
  30  2:53  Metabolic Boost  
  30  3:00  Overlord  
  30  3:03  Overlord  
  30  3:11  Drone x4  
  34  3:16  Roach Warren  
  33  3:28  Drone  
  33  3:29  Drone x2, Extractor  
  33  3:30  Lair  
  35  3:36  Spore Crawler  
  34  3:41  Spore Crawler  
  34  3:44  Drone x2  
  33  4:00  Spore Crawler  
  32  4:05  Zergling x8  
  32  4:09  Drone x2  
  36  4:10  Drone  
  37  4:17  Queen  
  38  4:40  Glial Reconstitution  
  38  4:43  Drone x9  
  45  4:47  Pneumatized Carapace  
  45  4:51  Extractor  
  44  4:54  Overlord  
  44  5:02  Overlord  
  44  5:12  Evolution Chamber  
  43  5:15  Roach  
  43  5:16  Roach x3  
  43  5:20  Queen  
  52  5:39  Queen  
  54  5:54  Roach x3  
  60  5:57  Overlord x4  
  60  5:58  Overlord  
  59  6:15  Queen  
  61  6:25  Roach x4  
  69  6:28  Queen  
  71  6:35  Overseer  
  71  6:41  Zergling x14  
  71  6:44  Ravager x2  
  71  6:46  Overlord  
  80  6:51  Queen  
  80  6:52  Spore Crawler  
  80  6:53  Overlord  
  81  6:56  Ravager x2  
  83  7:05  Zergling x2  
  83  7:06  Zergling x8  
  88  7:10  Ravager x4  
  71  7:33  Zergling x12  
  71  7:34  Zergling x2  
  78  7:37  Spine Crawler  
  78  7:40  Spine Crawler  
  78  7:43  Zergling x2  
  75  7:48  Ravager  
  68  8:00  Zergling x2  
  68  8:01  Zergling x6  
  66  8:06  Zergling x2  
  66  8:11  Roach  
  68  8:25  Roach  
  68  8:26  Roach x5  
  73  8:36  Roach x2  
  77  8:44  Roach x4  
  83  8:54  Roach x2  
  84  9:01  Roach x3  
  88  9:04  Roach x2  
  92  9:10  Ravager x2  
  92  9:11  Ravager  
  92  9:14  Zergling x2  
  94  9:21  Roach x2  
  94  9:23  Queen x2  
  100  9:30  Zergling x4  
  96  9:34  Hatchery  
  96  9:36  Overseer  
  91  9:46  Roach  
  91  9:47  Roach  
  86  9:57  Roach  
  86  9:58  Roach x2  
  80  10:08  Zergling x2  
  78  10:15  Zergling x6  
  78  10:16  Zergling x2  
  80  10:25  Roach  
  80  10:27  Roach  
  73  10:46  Ravager x3  
  73  10:49  Zergling x2  
  81  10:50  Zergling x8  
  81  10:55  Zergling x2  
  82  11:03  Zergling x2  
  82  11:04  Zergling x2  
  77  11:08  Zergling x12  
  77  11:09  Zergling x2  
  81  11:16  Overlord  
  81  11:17  Overlord  
  74  11:36  Roach x3, Evolution Chamber  
  74  11:37  Roach x5  
  84  11:44  Ravager x4  
  88  11:47  Roach  
  88  11:58  Roach  
  89  12:07  Zergling x4  
  89  12:14  Overlord  
Show
View Real Time Build Order
Export as new Build Order

Flick Protoss 

Build Orders: Oracle Opening 

Get SALT Encoding   

  12  0:02  Probe (Chrono Boost)  
  14  0:18  Probe (Chrono Boost)  
  14  0:19  Probe (Chrono Boost)  
  15  0:29  Pylon  
  15  0:47  Gateway, Probe  
  16  0:52  Assimilator  
  16  0:54  Assimilator  
  16  0:59  Probe  
  17  1:11  Probe  
  18  1:23  Probe  
  19  1:31  Pylon  
  19  1:36  Probe  
  19  1:39  Cybernetics Core  
  20  1:48  Probe  
  20  1:52  Pylon  
  21  2:01  Pylon  
  21  2:04  Probe  
  22  2:16  Probe  
  22  2:22  Stargate  
  23  2:24  Stalker (Chrono Boost)  
  23  2:28  Probe  
  26  2:34  Pylon  
  26  2:41  Probe  
  26  2:53  Probe  
  26  2:56  Shield Battery  
  27  3:05  Oracle (Chrono Boost)  
  27  3:10  Probe  
  31  3:14  Pylon  
  31  3:18  Warp Gate  
  31  3:29  Oracle (Chrono Boost), Probe  
  34  3:41  Probe  
  35  3:57  Nexus  
  35  4:01  Oracle (Chrono Boost)  
  38  4:13  Probe  
  39  4:29  Pylon  
  39  4:34  Phoenix, Probe  
  41  4:46  Probe  
  41  4:48  Twilight Council  
  41  4:52  Gateway  
  42  4:54  Shield Battery  
  42  4:58  Probe  
  43  5:07  Pylon  
  42  5:15  Probe x2  
  44  5:27  Probe  
  41  5:29  Blink  
  41  5:31  Probe  
  41  5:39  Probe  
  42  5:43  Probe  
  42  5:52  Probe (Chrono Boost)  
  42  5:56  Zealot  
  45  6:01  Probe (Chrono Boost)  
  46  6:08  Pylon, Probe (Chrono Boost)  
  48  6:11  Probe x2 (Chrono Boost)  
  48  6:19  Void Ray (Chrono Boost)  
  48  6:22  Probe (Chrono Boost)  
  48  6:24  Stalker x2  
  58  6:25  Probe (Chrono Boost)  
  58  6:32  Probe x2 (Chrono Boost)  
  60  6:33  Probe  
  61  6:42  Probe  
  61  6:45  Probe  
  63  6:49  Shield Battery  
  63  6:51  Pylon  
  63  6:52  Stalker  
  63  6:54  Stalker, Probe  
  68  6:56  Shield Battery  
  68  6:58  Probe  
  69  7:07  Probe  
  70  7:10  Probe  
  71  7:19  Stalker x2  
  72  7:37  Gateway  
  72  7:40  Gateway, Probe  
  72  7:42  Gateway  
  71  7:44  Stalker  
  71  7:45  Pylon  
  71  7:47  Pylon, Stalker  
  69  7:51  Shield Battery  
  69  7:53  Shield Battery  
  59  8:06  Probe  
  59  8:11  Gateway  
  60  8:14  Gateway, Probe  
  60  8:16  Stalker  
  60  8:19  Pylon, Probe  
  64  8:21  Pylon  
  64  8:23  Pylon  
  62  8:28  Shield Battery  
  62  8:30  Shield Battery  
  62  8:35  Cybernetics Core  
  62  8:36  Stalker  
  62  8:37  Stalker  
  62  8:38  Stalker  
  62  8:39  Probe  
  66  8:44  Probe  
  66  8:47  Pylon  
  63  9:01  Zealot  
  63  9:02  Zealot x2  
  68  9:07  Zealot  
  68  9:22  Stalker x3  
  63  9:33  Stalker x2  
  63  9:34  Probe  
  63  9:38  Pylon  
  67  9:39  Probe  
  67  9:40  Pylon  
  65  9:46  Probe  
  65  9:49  Stalker x2  
  65  9:50  Stalker  
  65  9:51  Pylon  
  57  10:10  Stalker  
  57  10:11  Stalker  
  57  10:12  Stalker x2  
  57  10:13  Stalker  
  53  10:36  Stalker  
  53  10:37  Stalker x2  
  59  10:51  Stalker  
  61  10:58  Probe  
  56  11:43  Stalker  
  56  11:44  Stalker x2  
  56  11:45  Stalker  
  59  12:03  Probe  
  60  12:19  Probe  
Tags
 
Add a new tag
Caveats
  • Supply blocks, unpowered buildings, or Contaminate may cause inaccurate times.
  • Supply counts are checked every 10 seconds.